General information
			
			
        
        - name: BNet
 
        - type: Ladder team game (AT/RT)
 
        - host: Battle.net
 
        - saver: Rezifut
 
        
map: RiverOfSouls 
        - players: 6
 
        - length: 62:22
 
        - speed: Fast
 - version: 1.22 W3XP
 - replay type:  Public
 
» download(462 KB)
Players
        team 1 (loser) 
              
              
» 
Ghouls[imba] (
orange | 182 APM | 9508 actions | 52:18)
              
 6 Blademaster 
 3 Wind Walk
 2 Critical Strike
 1 Bladestorm
 
                » actions 
                
                | Assign group hotkey | 49 |  | 
| Basic commands | 380 |  | 
| Build / train | 148 |  | 
| ESC pressed | 3 |  | 
| Enter build submenu | 30 |  | 
| Enter hero's abilities submenu | 7 |  | 
| Give item / drop item | 3 |  | 
| Right click | 4578 |  | 
| Select / deselect | 1058 |  | 
| Select group hotkey | 2924 |  | 
| Use ability | 326 |  | 
                9508 total
 » units 
                
                | Peon | 15 |  | 
| Grunt | 6 |  | 
| Raider | 4 |  | 
| Spirit Walker | 3 |  | 
| Troll Batrider | 23 |  | 
| Tauren | 6 |  | 
| Shaman | 5 |  | 
| Troll Witch Doctor | 4 |  | 
| Demolisher | 3 |  | 
                69 total
 » upgrades
                
                | Pillage | 1 |  | 
| Berserker Strength | 1 |  | 
| Ensnare | 1 |  | 
| Spirit Walker Training | 2 |  | 
| Armor | 3 |  | 
| Shaman Training | 2 |  | 
| Reinforced Defenses | 1 |  | 
| Pulverize | 1 |  | 
| Melee Weapons | 1 |  | 
| Witch Doctor Training | 2 |  | 
                15 total
 » buildings
                
                | Altar of Storms | 1 |  | 
| Orc Burrow | 8 |  | 
| Barracks | 2 |  | 
| Voodoo Lounge | 1 |  | 
| Stronghold | 3 |  | 
| War Mill | 1 |  | 
| Beastiary | 1 |  | 
| Spirit Lodge | 2 |  | 
| Watch Tower | 8 |  | 
| Fortress | 4 |  | 
| Tauren Totem | 2 |  | 
                33 total
 » build order
                00:05 Altar of Storms
00:20 Orc Burrow
00:34 Barracks
01:03 Barracks
01:30 Orc Burrow
02:13 Orc Burrow
02:18 Voodoo Lounge
04:03 Stronghold
04:03 Stronghold
04:24 Orc Burrow
05:23 War Mill
06:31 Beastiary
06:34 Spirit Lodge
08:21 Watch Tower
08:23 Watch Tower
08:23 Fortress
08:23 Fortress
08:23 Fortress
09:20 Watch Tower
09:24 Watch Tower
09:44 Orc Burrow
09:45 Orc Burrow
10:36 Watch Tower
10:38 Watch Tower
10:56 Tauren Totem
10:59 Tauren Totem
14:36 Orc Burrow
17:04 Watch Tower
17:06 Watch Tower
25:16 Spirit Lodge
26:37 Orc Burrow
» items
                
                | Boots of Speed | 1 |  | 
| Healing Salve | 5 |  | 
| Lesser Clarity Potion | 10 |  | 
| Scroll of Speed | 1 |  | 
| Orb of Lightning | 1 |  | 
| Scroll of Town Portal | 1 |  | 
| Potion of Healing | 2 |  | 
| Scroll of Healing | 2 |  | 
                23 total
  
               
              
              
» 
massGHOULSsquad (
yellow | 91 APM | 2526 actions | 27:43)
              
 4 Blademaster 
 2 Wind Walk
 2 Critical Strike
 
                » actions 
                
                | Assign group hotkey | 111 |  | 
| Basic commands | 157 |  | 
| Build / train | 151 |  | 
| Enter build submenu | 17 |  | 
| Enter hero's abilities submenu | 6 |  | 
| Remove unit from queue | 1 |  | 
| Right click | 948 |  | 
| Select / deselect | 550 |  | 
| Select group hotkey | 539 |  | 
| Use ability | 46 |  | 
                2526 total
 » units 
                
                | Peon | 11 |  | 
| Grunt | 1 |  | 
| Demolisher | 101 |  | 
                113 total
 » upgrades
                
                | Ranged Weapons | 3 |  | 
| Armor | 2 |  | 
| Burning Oil | 1 |  | 
                6 total
 » buildings
                
                | Altar of Storms | 1 |  | 
| Orc Burrow | 7 |  | 
| Barracks | 3 |  | 
| Stronghold | 5 |  | 
| War Mill | 1 |  | 
| Voodoo Lounge | 1 |  | 
| Fortress | 4 |  | 
                22 total
 » build order
                00:09 Altar of Storms
00:23 Orc Burrow
00:40 Barracks
02:12 Stronghold
02:13 Stronghold
02:13 Stronghold
02:40 Orc Burrow
03:36 War Mill
03:57 Barracks
04:21 Orc Burrow
05:18 Orc Burrow
06:21 Voodoo Lounge
08:46 Orc Burrow
11:00 Orc Burrow
14:54 Orc Burrow
15:27 Fortress
15:27 Fortress
26:02 Barracks
» items
                
                | Healing Salve | 1 |  | 
| Lesser Clarity Potion | 1 |  | 
| Scroll of Speed | 1 |  | 
                3 total
  
               
              
              
» 
MyStiQuE) (
red | 102 APM | 6328 actions | 62:19)
              
 5 Warden 
 3 Shadow Strike
 2 Blink
 6 Pandaren Brewmaster 
 2 Breath of Fire
 3 Drunken Haze
 1 Storm Earth and Fire
 1 Blademaster 
 1 Bladestorm
 
                » actions 
                
                | Assign group hotkey | 184 |  | 
| Basic commands | 70 |  | 
| Build / train | 135 |  | 
| ESC pressed | 1 |  | 
| Enter build submenu | 38 |  | 
| Enter hero's abilities submenu | 13 |  | 
| Give item / drop item | 4 |  | 
| Remove unit from queue | 2 |  | 
| Right click | 3743 |  | 
| Select / deselect | 1139 |  | 
| Select group hotkey | 720 |  | 
| Use ability | 279 |  | 
                6328 total
 » units 
                
                | Wisp | 43 |  | 
| Hippogryph | 18 |  | 
| Chimaera | 5 |  | 
| Demolisher | 4 |  | 
                70 total
 » upgrades
                
                | Strength of the Wild | 3 |  | 
| Reinforced Hides | 3 |  | 
| Ultravision | 1 |  | 
| Nature's Blessing | 1 |  | 
| Well Spring | 2 |  | 
| Corrosive Breath | 1 |  | 
                11 total
 » buildings
                
                | Altar of Elders | 1 |  | 
| Moon Well | 7 |  | 
| Ancient of War | 1 |  | 
| Tree of Life | 4 |  | 
| Hunter's Hall | 1 |  | 
| Tree of Ages | 4 |  | 
| Ancient of Wonders | 1 |  | 
| Ancient Protector | 14 |  | 
| Tree of Eternity | 2 |  | 
| Ancient of Wind | 3 |  | 
| Chimaera Roost | 3 |  | 
                41 total
 » build order
                00:28 Altar of Elders
00:39 Moon Well
01:54 Ancient of War
03:24 Tree of Life
03:57 Moon Well
04:47 Moon Well
05:41 Hunter's Hall
06:32 Tree of Ages
06:32 Tree of Ages
06:32 Tree of Ages
06:34 Ancient of Wonders
06:52 Ancient Protector
06:53 Ancient Protector
08:05 Moon Well
08:53 Tree of Eternity
08:54 Tree of Eternity
08:55 Ancient of Wind
10:18 Moon Well
10:43 Tree of Life
10:48 Ancient of Wind
12:38 Ancient Protector
12:39 Ancient Protector
12:42 Ancient Protector
13:15 Ancient Protector
16:13 Ancient of Wind
16:54 Moon Well
16:56 Moon Well
16:57 Ancient Protector
16:58 Ancient Protector
17:00 Ancient Protector
17:01 Ancient Protector
17:19 Ancient Protector
18:49 Chimaera Roost
18:51 Chimaera Roost
18:54 Chimaera Roost
22:16 Tree of Life
28:27 Ancient Protector
28:31 Ancient Protector
37:07 Tree of Life
40:44 Ancient Protector
» items
                
                | Healing Salve | 2 |  | 
| Lesser Clarity Potion | 6 |  | 
| Scroll of Speed | 2 |  | 
| Boots of Speed | 1 |  | 
| Dust of Appearance | 1 |  | 
| Scroll of Protection | 1 |  | 
| Potion of Lesser Invulnerability | 1 |  | 
                14 total
  
               team 2 (winner) 
              
              
GOKUMaN69 (
teal | 62 APM | 3893 actions | 62:20)
              
 9 Demon Hunter 
 3 Mana Burn
 3 Evasion
 1 Metamorphosis
 2 Immolation
 
                » actions 
                
                | Assign group hotkey | 5 |  | 
| Build / train | 74 |  | 
| Enter build submenu | 18 |  | 
| Enter hero's abilities submenu | 10 |  | 
| Give item / drop item | 8 |  | 
| Remove unit from queue | 1 |  | 
| Right click | 2598 |  | 
| Select / deselect | 809 |  | 
| Select group hotkey | 192 |  | 
| Use ability | 176 |  | 
                3893 total
 » units 
                » upgrades
                
                | Well Spring | 1 |  | 
| Ultravision | 1 |  | 
| Strength of the Wild | 2 |  | 
| Reinforced Hides | 2 |  | 
| Corrosive Breath | 2 |  | 
                8 total
 » buildings
                
                | Altar of Elders | 1 |  | 
| Moon Well | 7 |  | 
| Tree of Ages | 1 |  | 
| Tree of Eternity | 1 |  | 
| Ancient of Wind | 1 |  | 
| Chimaera Roost | 3 |  | 
| Hunter's Hall | 1 |  | 
| Ancient of Wonders | 1 |  | 
| Tree of Life | 2 |  | 
                18 total
 » build order
                00:23 Altar of Elders
00:34 Moon Well
03:29 Moon Well
05:14 Moon Well
06:12 Moon Well
08:05 Moon Well
08:08 Tree of Ages
10:42 Tree of Eternity
10:44 Ancient of Wind
13:30 Chimaera Roost
13:31 Chimaera Roost
13:34 Hunter's Hall
13:44 Moon Well
14:55 Ancient of Wonders
15:07 Moon Well
19:13 Chimaera Roost
26:09 Tree of Life
28:19 Tree of Life
» items
                
                | Boots of Speed | 1 |  | 
| Staff of Teleportation | 1 |  | 
| Lesser Clarity Potion | 3 |  | 
| Circlet of Nobility | 2 |  | 
| Dust of Appearance | 1 |  | 
| Scroll of Town Portal | 1 |  | 
| Potion of Healing | 1 |  | 
| Healing Salve | 2 |  | 
| Orb of Fire | 1 |  | 
                13 total
  
               
              
              
Rezifut (
purple | 82 APM | 5086 actions | 62:22)
              
 9 Blademaster 
 3 Wind Walk
 3 Critical Strike
 1 Bladestorm
 2 Mirror Image
 
                » actions 
                
                | Assign group hotkey | 54 |  | 
| Basic commands | 18 |  | 
| Build / train | 63 |  | 
| Enter build submenu | 57 |  | 
| Enter hero's abilities submenu | 9 |  | 
| Give item / drop item | 3 |  | 
| Remove unit from queue | 1 |  | 
| Right click | 3715 |  | 
| Select / deselect | 330 |  | 
| Select group hotkey | 527 |  | 
| Use ability | 309 |  | 
                5086 total
 » units 
                
                | Peon | 14 |  | 
| Wind Rider | 6 |  | 
| Troll Batrider | 5 |  | 
                25 total
 » upgrades
                
                | Ranged Weapons | 3 |  | 
| Armor | 0 |  | 
| Envenomed Spears | 1 |  | 
| Liquid Fire | 1 |  | 
                5 total
 » buildings
                
                | Altar of Storms | 1 |  | 
| Orc Burrow | 5 |  | 
| War Mill | 1 |  | 
| Watch Tower | 30 |  | 
| Voodoo Lounge | 1 |  | 
| Stronghold | 1 |  | 
| Beastiary | 3 |  | 
| Fortress | 1 |  | 
                43 total
 » build order
                00:06 Altar of Storms
00:23 Orc Burrow
00:53 War Mill
02:05 Watch Tower
02:07 Watch Tower
02:10 Watch Tower
02:25 Watch Tower
03:03 Watch Tower
03:29 Voodoo Lounge
03:34 Watch Tower
03:48 Watch Tower
04:00 Orc Burrow
04:13 Watch Tower
04:37 Watch Tower
04:59 Watch Tower
05:21 Watch Tower
06:48 Stronghold
06:55 Watch Tower
06:57 Watch Tower
07:48 Watch Tower
07:48 Watch Tower
07:55 Watch Tower
07:56 Watch Tower
08:00 Watch Tower
08:10 Watch Tower
09:03 Watch Tower
09:11 Beastiary
09:13 Beastiary
10:20 Orc Burrow
10:21 Orc Burrow
10:26 Watch Tower
10:28 Watch Tower
10:32 Watch Tower
10:33 Watch Tower
10:39 Fortress
10:43 Watch Tower
10:43 Watch Tower
16:38 Watch Tower
16:39 Watch Tower
16:40 Watch Tower
16:48 Watch Tower
18:11 Beastiary
21:30 Orc Burrow
» items
                
                | Healing Salve | 4 |  | 
| Lesser Clarity Potion | 8 |  | 
| Scroll of Speed | 3 |  | 
| Boots of Speed | 1 |  | 
| Staff of Teleportation | 1 |  | 
| Circlet of Nobility | 1 |  | 
| Orb of Lightning | 1 |  | 
                19 total
  
               
              
              
WAGON_ON_WHEELS (
blue | 79 APM | 4920 actions | 62:20)
              
 7 Archmage 
 3 Blizzard
 3 Brilliance Aura
 1 Mass Teleport
 
                » actions 
                
                | Assign group hotkey | 36 |  | 
| Basic commands | 151 |  | 
| Build / train | 112 |  | 
| ESC pressed | 2 |  | 
| Enter build submenu | 73 |  | 
| Enter hero's abilities submenu | 7 |  | 
| Give item / drop item | 1 |  | 
| Remove unit from queue | 1 |  | 
| Right click | 3118 |  | 
| Select / deselect | 954 |  | 
| Select group hotkey | 191 |  | 
| Use ability | 270 |  | 
                4920 total
 » units 
                
                | Peasant | 22 |  | 
| Sorceress | 13 |  | 
| Dragonhawk Rider | 7 |  | 
| Spell Breaker | 2 |  | 
| Gryphon Rider | 7 |  | 
| Priest | 2 |  | 
                53 total
 » upgrades
                
                | Masonry | 2 |  | 
| Magic Sentry | 1 |  | 
| Sorceress Training | 2 |  | 
                5 total
 » buildings
                
                | Altar of Kings | 3 |  | 
| Farm | 13 |  | 
| Lumber Mill | 2 |  | 
| Scout Tower | 47 |  | 
| Guard Tower | 28 |  | 
| Town Hall | 1 |  | 
| Keep | 2 |  | 
| Arcane Sanctum | 1 |  | 
| Gryphon Aviary | 1 |  | 
| Arcane Vault | 1 |  | 
| Castle | 1 |  | 
                100 total
 » build order
                00:05 Altar of Kings
00:07 Farm
00:26 Lumber Mill
01:31 Scout Tower
01:41 Scout Tower
01:59 Scout Tower
02:02 Guard Tower
02:08 Scout Tower
02:25 Farm
02:27 Guard Tower
02:30 Scout Tower
02:34 Scout Tower
02:56 Guard Tower
03:00 Scout Tower
03:08 Scout Tower
03:20 Guard Tower
03:36 Scout Tower
03:46 Guard Tower
03:48 Scout Tower
03:51 Guard Tower
03:54 Guard Tower
03:55 Scout Tower
03:57 Scout Tower
04:08 Scout Tower
04:19 Guard Tower
04:20 Scout Tower
04:21 Scout Tower
04:25 Guard Tower
04:27 Town Hall
05:28 Guard Tower
05:30 Scout Tower
05:30 Scout Tower
06:11 Scout Tower
06:12 Scout Tower
06:16 Scout Tower
06:53 Guard Tower
06:54 Scout Tower
06:56 Scout Tower
07:15 Keep
07:18 Guard Tower
07:28 Guard Tower
08:38 Scout Tower
08:39 Scout Tower
08:41 Scout Tower
09:20 Keep
09:22 Lumber Mill
09:25 Scout Tower
09:58 Guard Tower
10:00 Scout Tower
10:16 Farm
10:31 Scout Tower
10:32 Scout Tower
10:34 Scout Tower
10:37 Guard Tower
10:48 Scout Tower
10:54 Farm
12:13 Guard Tower
12:16 Arcane Sanctum
12:20 Altar of Kings
12:40 Scout Tower
13:08 Farm
13:12 Guard Tower
13:35 Scout Tower
13:44 Gryphon Aviary
13:48 Scout Tower
14:02 Scout Tower
14:11 Scout Tower
14:16 Guard Tower
14:52 Guard Tower
14:54 Scout Tower
15:13 Farm
15:17 Scout Tower
15:22 Guard Tower
15:49 Arcane Vault
16:05 Farm
16:09 Guard Tower
16:30 Farm
17:06 Castle
18:37 Farm
19:17 Scout Tower
19:38 Scout Tower
20:17 Guard Tower
20:19 Farm
20:24 Guard Tower
23:05 Scout Tower
25:12 Guard Tower
25:17 Scout Tower
26:17 Scout Tower
26:19 Scout Tower
27:36 Guard Tower
28:28 Scout Tower
29:05 Guard Tower
30:07 Farm
30:30 Scout Tower
30:33 Scout Tower
31:41 Farm
32:30 Guard Tower
33:34 Guard Tower
33:40 Farm
39:44 Altar of Kings
» items
                
                | Healing Salve | 3 |  | 
| Lesser Clarity Potion | 1 |  | 
| Potion of Healing | 4 |  | 
| Scroll of Town Portal | 1 |  | 
| Scroll of Regeneration | 5 |  | 
                14 total
  
                Chat log
          (00:51 / All) Ghouls[imba]: ggl hjf
(01:08 / All) GOKUMaN69: so u a pussie?
(01:15 / All) MyStiQuE): big one
(01:19 / All) MyStiQuE): specialy with ie
(05:50 / All) Ghouls[imba]: mh
(25:46 / All) WAGON_ON_WHEELS: EVER GET INTO AN ARGUEMENT WITH A FAG
(25:54 / All) MyStiQuE): which is u?
(40:40 / All) MyStiQuE): Fucking leave homos
(40:48 / All) Rezifut: Im homo what about it
(40:51 / All) Rezifut: Homo sapian!!! LOL
(47:28 / All) MyStiQuE): fucking noobs omg
(47:54 / All) WAGON_ON_WHEELS: MAN
(47:56 / All) WAGON_ON_WHEELS: U EVER
(47:57 / All) WAGON_ON_WHEELS: STICK IT UP
(47:59 / All) WAGON_ON_WHEELS: YOUR MUMS BUTTHOLE
(48:01 / All) WAGON_ON_WHEELS: AND IT STUNK
(51:33 / All) WAGON_ON_WHEELS: killyourselves
(52:24 / All) GOKUMaN69: hi
(52:25 / All) GOKUMaN69: quit
(52:27 / All) WAGON_ON_WHEELS: fuck u
(52:28 / All) WAGON_ON_WHEELS: nigg nogs
(52:29 / All) MyStiQuE): fucking noob
(52:29 / All) WAGON_ON_WHEELS: roflmao
(52:30 / All) MyStiQuE): afk
(52:31 / All) MyStiQuE): TV
(52:33 / All) Rezifut: ok
(52:45 / All) MyStiQuE): fucking GOLD HACK OR WHAT noobs
(53:02 / All) WAGON_ON_WHEELS: go watch tv
(53:04 / All) WAGON_ON_WHEELS: bitshit
(53:42 / All) WAGON_ON_WHEELS: bit shit
(53:51 / All) WAGON_ON_WHEELS: i bet your uncle touches u
(56:08 / All) GOKUMaN69: u mad?
(56:15 / All) WAGON_ON_WHEELS: he gets touch by his uncle
(56:28 / All) GOKUMaN69: wheres The beef?
(56:41 / All) WAGON_ON_WHEELS: man u still here rofl
(56:42 / All) WAGON_ON_WHEELS: "afk tv"
(56:58 / All) GOKUMaN69: where is the beef joo
(57:38 / All) WAGON_ON_WHEELS: Dam leave
(57:40 / All) WAGON_ON_WHEELS: u los
(58:24 / All) WAGON_ON_WHEELS: Rofl eave
(58:27 / All) WAGON_ON_WHEELS: leave nigg
(58:36 / All) WAGON_ON_WHEELS: dam u suck
(58:39 / All) MyStiQuE): hf destroying all of it
(58:41 / All) WAGON_ON_WHEELS: you suck
(58:43 / All) GOKUMaN69: 1v1?
(58:46 / All) MyStiQuE): and u dont?
(58:46 / All) WAGON_ON_WHEELS: you fucking suck 
(58:48 / All) WAGON_ON_WHEELS: at this game
(58:51 / All) WAGON_ON_WHEELS: you cant kill tower
(58:53 / All) WAGON_ON_WHEELS: you get tocuh by ungle
(59:03 / All) WAGON_ON_WHEELS: why u even play
(59:04 / All) WAGON_ON_WHEELS: u suck so bad
(59:26 / All) WAGON_ON_WHEELS: dam kid
(59:31 / All) WAGON_ON_WHEELS: dont quit your job at mcdonalds
(59:41 / All) WAGON_ON_WHEELS: i bet ur crying
(59:43 / All) WAGON_ON_WHEELS: right now
(59:59 / All) WAGON_ON_WHEELS: ahhaha
(60:21 / All) WAGON_ON_WHEELS: u should just quit wc3